 Dungeon Crawl Stone Soup version 0.28.0-45-g0d030f2227 (webtiles) character file.

Game seed: 13650802212639440656

98 Icepheonix32 the Covered (level 4, -3/35 HPs)
             Began as a Demonspawn Fighter on Apr 12, 2022.
             Slain by an orc
             ... wielding a +0 flail
              (7 damage)
             ... on level 3 of the Dungeon.
             The game lasted 00:01:57 (1838 turns).

Icepheonix32 the Covered (Demonspawn Fighter)       Turns: 1838, Time: 00:01:58

Health: -3/35      AC:  7    Str: 19    XL:     4   Next: 44%
Magic:  4/4        EV:  9    Int:  9    God:
Gold:   34         SH:  4    Dex:  9    Spells: 3/3 levels left

rFire   + + +      SeeInvis .   m - +7 flail of Coxkidewn {drain, *Slow rElec rF+++ Dex-5}
rCold   . . .      Faith    .   c - +0 buckler
rNeg    . . .      Spirit   .   b - +0 scale mail
rPois   .          Reflect  .   (no helmet)
rElec   +          Harm     .   (no cloak)
rCorr   .          Rampage  .   (no gloves)
Will    .....                   (no boots)
Stlth   +.........              (no amulet)
HPRegen 0.11/turn               (no ring)
MPRegen 0.09/turn               (no ring)

@: no status effects
A: thin skeletal structure 1, weakness stinger 2
a: no special abilities


You were on level 3 of the Dungeon.
You visited 1 branch of the dungeon, and saw 3 of its levels.

You collected 34 gold pieces.

Inventory:

Hand Weapons
 a - a +0 long sword
 f - a +4 short sword
 m - the +7 flail of Coxkidewn (weapon) {drain, *Slow rElec rF+++ Dex-5}
   (You found it on level 2 of the Dungeon)

   A truly terrible weapon, it drains the life of any living foe it strikes.
   Dex:       It affects your dexterity (-5).
   rF:        It renders you almost immune to fire.
   rElec:     It insulates you from electricity.
   *Slow:     It may slow you when you take damage.
Armour
 b - a +0 scale mail (worn)
 c - a +0 buckler (worn)
 k - a +0 crystal plate armour
Scrolls
 h - a scroll of teleportation {unknown}
 j - a scroll of fog {unknown}
 l - a scroll of vulnerability {unknown}
 n - a scroll of torment {unknown}
 o - a scroll of amnesia {unknown}
 p - a scroll of blinking {unknown}
Potions
 d - a potion of might
 e - 2 potions of ambrosia {unknown}
 g - a potion of degeneration {unknown}
 i - a potion of magic {unknown}


   Skills:
 + Level 3.3 Fighting
 + Level 0.8(1.5) Short Blades
 + Level 2.0(2.1) Long Blades
 + Level 0.7 Maces & Flails
 * Level 3.7 Armour
 + Level 0.5 Dodging
 + Level 3.1 Shields


You had 3 spell levels left.
You didn't know any spells.
Your spell library was empty.

Dungeon Overview and Level Annotations

Branches:
Dungeon (3/15)

Altars:

Shops:
D:1 =   D:3 *


Innate Abilities, Weirdness & Mutations

You have a somewhat thin skeletal structure. (Dex +2, Stealth+)
You have a tail ending in a sharp stinger.


Message History

You are too injured to fight recklessly!
You are too injured to fight recklessly!
You are too injured to fight recklessly!
You are too injured to fight recklessly!
You are too injured to fight recklessly!
You are too injured to fight recklessly!
You are too injured to fight recklessly!
You are too injured to fight recklessly!
You are too injured to fight recklessly!
You are too injured to fight recklessly!
You are too injured to fight recklessly!
You are too injured to fight recklessly!
You are too injured to fight recklessly!
Unknown command.
You closely miss the goblin. The orc closely misses you.
The orc completely misses you. You block the goblin's attack.
The orc hits you but does no damage.
You barely miss the goblin. The orc hits you but does no damage.
The goblin hits you but does no damage. You block the orc's attack.
The goblin hits you but does no damage.
You sock the goblin!
You kill the goblin!
The orc barely misses you. The orc closely misses you.
The orc hits you with a +2 mace of protection.
The orc completely misses you.
You closely miss the orc. The orc hits you but does no damage.
The orc hits you from afar with a +0 trident!
* * * LOW HITPOINT WARNING * * *
The orc hits you but does no damage.
You sock the orc!
You kill the orc!
The orc closely misses you. The orc hits you with a +0 flail.
* * * LOW HITPOINT WARNING * * *
The giant cockroach bites you.
* * * LOW HITPOINT WARNING * * *
The orc barely misses you.
You hit the giant cockroach.
You kill the giant cockroach!
You block the orc's attack. The orc hits you with a +0 flail!
You die...

.........## . .....(.
.## .. ####### #...# ..#
... ......# #.###.# ....
......######.....##.....
..................<.....
.......########..##.###
......## ##.#..# ......#
#@o..# ....).# ##∩..#
####### #o..# ......
.#..#. ...# . ... ..


You could see 2 orcs.

Vanquished Creatures
  A bullfrog skeleton (D:2)
  An adder (D:2)
  2 dart slugs (D:1)
  3 orcs (D:3)
  6 ball pythons
  4 endoplasms
  6 giant cockroaches
  3 goblins
  4 hobgoblins
  4 kobolds
  3 quokkas
  3 bats (D:2)
  3 frilled lizards (D:2)
  6 rats
49 creatures vanquished.

Notes
Turn   | Place    | Note
-------+----------+-------------------------------------------
     0 | D:1      | Icepheonix32 the Demonspawn Fighter began the quest for the
                  | Orb.
     0 | D:1      | Reached XP level 1. HP: 18/18 MP: 1/1
   432 | D:1      | Found Aniramumao's Jewellery Shop.
   527 | D:1      | Gained mutation: You have a small tail. [demonic ancestry]
   527 | D:1      | Reached XP level 2. HP: 16/24 MP: 2/2
   896 | D:1      | Found a faded altar of an unknown god.
   929 | D:2      | Gained mutation: You have a somewhat thin skeletal
                  | structure. (Dex +2, Stealth+) [demonic ancestry]
   929 | D:2      | Reached XP level 3. HP: 24/29 MP: 3/3
  1077 | D:2      | Identified the +7 flail of Coxkidewn {drain, *Slow rElec
                  | rF+++ Dex-5}
  1140 | D:2      | Gained mutation: You have a tail ending in a sharp stinger.
                  | [demonic ancestry]
  1140 | D:2      | Reached XP level 4. HP: 32/35 MP: 4/4
  1821 | D:3      | Found Zuaqaym's General Store.
  1838 | D:3      | Slain by an orc

Illustrated notes

Levels and vault maps discovered:
D:1:      lightli_arrival_isolated_outpost, layout_rooms, serial_shops,
          nicolae_square_shop, ebering_ecumenical_altar_rust,
          amcnicky_mini_corridor_feature, patterned_corridor
D:2:      layout_basic
D:3:      layout_rooms, serial_shops, shop

Skill      XL: |  1  2  3 |
---------------+----------+-----
Armour         | 3 |  3.7
Shields        | 3 |  3.1
Long Blades    | 2 |  2.0
Fighting       | |  3.3
Short Blades   | |  0.8
Maces & Flails | |  0.7
Dodging        | |  0.5

Action                   |  1- 3 |  4- 6 || total
-------------------------+-------+-------++-------
Melee: Long sword        |    20 |       ||    20
       Short sword       |    43 |       ||    43
       Tailslap          |     8 |     2 ||    10
       Flail             |     9 |    42 ||    51
Armor: Scale mail        |    31 |    31 ||    62
Dodge: Dodged            |    31 |    25 ||    56
Block: Buckler           |    12 |    14 ||    26
